[Event "Queens Festival Europe 2022"]
[Site "Tornelo"]
[Date "2022.06.19"]
[Round "7.1"]
[White "Vujcic, Milena"]
[Black "Bordin, Silvia"]
[Result "1-0"]
[ECO "C89"]
[WhiteElo "1987"]
[BlackElo "1991"]
[Annotator "NA RC"]
[PlyCount "67"]
[EventDate "2022.06.19"]
[EventType "swiss"]
[EventCountry "NET"]
[SourceTitle "playchess.com"]
[Source "ChessBase"]
[SourceQuality "1"]
[TimeControl "180+2"]

1. e4 e5 2. Nf3 Nc6 3. Bb5 a6 4. Ba4 Nf6 5. O-O Be7 6. Re1 b5 7. Bb3 O-O 8. c3 d5 9. exd5 Nxd5 10. Nxe5 Nxe5 11. Rxe5 c6 12. d4 Bd6 13. Re1 Qh4 14. g3 Qh3 15. Be3 Bg4 16. Qd3 Rae8 17. Nd2 f5 18. f4 Kh8 19. Bxd5 cxd5 20. Bf2 Re4 21. Nxe4 fxe4 22. Qf1 Qh5 23. Re3 Rf6 24. a4 Rh6 25. h4 Bf3 26. axb5 Bxf4 27. Rxa6 Rxa6 28. bxa6 Qg4 29. Rxf3 exf3 30. Qe1 h6 31. a7 Qh3 32. a8=Q+ Kh7 33. Qb1+ g6 34. Qf1 1-0

[Event "Queens Festival Europe 2022"]
[Site "Tornelo"]
[Date "2022.06.19"]
[Round "7.1"]
[White "Vicze, Zsofia"]
[Black "Subramanian, Anusha"]
[Result "1-0"]
[ECO "C10"]
[WhiteElo "1749"]
[BlackElo "1671"]
[Annotator "NA RC"]
[PlyCount "65"]
[EventDate "2022.06.19"]
[EventType "swiss"]
[EventCountry "NET"]
[SourceTitle "playchess.com"]
[Source "ChessBase"]
[SourceQuality "1"]
[TimeControl "180+2"]

1. e4 e6 2. d4 d5 3. Nc3 dxe4 4. Nxe4 Nd7 5. Nf3 Ngf6 6. Bd3 Nxe4 7. Bxe4 Nf6 8. Bd3 b6 9. c3 Bb7 10. O-O Bd6 11. Bg5 Be7 12. Bc2 c5 13. Re1 Nd5 14. Bxe7 Nxe7 15. Qd3 Ng6 16. Ba4+ Kf8 17. Rad1 Nf4 18. Qe3 Nd5 19. Qe2 Qd6 20. Ne5 Ke7 21. Qh5 g6 22. Qf3 f6 23. Ng4 f5 24. Ne5 Kf6 25. c4 Rhd8 26. cxd5 Bxd5 27. Qe3 Kg7 28. dxc5 bxc5 29. Nf3 Rac8 30. Qc3+ Kf7 31. Ng5+ Kg8 32. Qh3 Rc7 33. Nxe6 1-0

[Event "Queens Festival Europe 2022"]
[Site "Tornelo"]
[Date "2022.06.19"]
[Round "7.1"]
[White "Vujovic, Vera"]
[Black "Valiyeva, Asnad"]
[Result "1/2-1/2"]
[ECO "B17"]
[WhiteElo "1353"]
[BlackElo "1237"]
[Annotator "NA RC"]
[PlyCount "147"]
[EventDate "2022.06.19"]
[EventType "swiss"]
[EventCountry "NET"]
[SourceTitle "playchess.com"]
[Source "ChessBase"]
[SourceQuality "1"]
[TimeControl "180+2"]

1. e4 c6 2. d4 d5 3. Nc3 dxe4 4. Nxe4 Nd7 5. Nf3 Ngf6 6. Nxf6+ Nxf6 7. c3 Bf5 8. Bd3 Bg4 9. O-O e6 10. Bg5 Be7 11. Be2 Bh5 12. Ne5 Bxe2 13. Qxe2 h6 14. Bxf6 Bxf6 15. f4 O-O 16. Qg4 Qc7 17. Kh1 Rad8 18. Rae1 c5 19. f5 exf5 20. Rxf5 Kh8 21. Nf3 cxd4 22. cxd4 Qb6 23. b3 Bxd4 24. h3 Bc3 25. Rf1 Bf6 26. Nh2 Rd4 27. Qh5 Rh4 28. Qf3 Rd4 29. Ng4 Rd6 30. Nxf6 Rxf6 31. Rxf6 Qxf6 32. Qxf6 gxf6 33. Rxf6 Kg7 34. Rf4 Rd8 35. Rc4 Rd1+ 36. Kh2 Rd2 37. a4 Rb2 38. b4 b6 39. b5 Ra2 40. Kg3 Ra3+ 41. Kf4 Kg6 42. h4 h5 43. g4 hxg4 44. Kxg4 f5+ 45. Kf4 Rh3 46. Ke5 Re3+ 47. Kd6 Re4 48. Rc6 Rxa4 49. Ke5+ Kh5 50. Kxf5 Kxh4 51. Rc7 Ra5 52. Ke4 Kg4 53. Kd4 Ra4+ 54. Kc3 Kf5 55. Kb3 Ra1 56. Kb2 Ra5 57. Kc3 Ra3+ 58. Kb4 Ra1 59. Re7 Kf6 60. Rb7 Rb1+ 61. Kc4 Ra1 62. Kb4 Ke6 63. Rh7 Kd5 64. Rh5+ Kd6 65. Rh6+ Ke5 66. Rh5+ Kd4 67. Rh4+ Ke3 68. Rh3+ Ke4 69. Rh4+ Kd5 70. Rh5+ Ke4 71. Rh4+ Kf5 72. Rh5+ Ke6 73. Rh6+ Kd5 74. Rh5+ 1/2-1/2

[Event "Queens Festival Europe 2022"]
[Site "Tornelo"]
[Date "2022.06.19"]
[Round "7.2"]
[White "Gueci, Tea"]
[Black "Sikorova, Olga"]
[Result "1-0"]
[ECO "C07"]
[WhiteElo "2248"]
[BlackElo "2173"]
[Annotator "NA RC"]
[PlyCount "97"]
[EventDate "2022.06.19"]
[EventType "swiss"]
[EventCountry "NET"]
[SourceTitle "playchess.com"]
[Source "ChessBase"]
[SourceQuality "1"]
[TimeControl "180+2"]

1. e4 e6 2. d4 d5 3. Nd2 c5 4. Ngf3 cxd4 5. exd5 Qxd5 6. Bc4 Qd6 7. O-O Nf6 8. Nb3 Nc6 9. Nbxd4 Nxd4 10. Nxd4 a6 11. Bb3 Bd7 12. c3 Qc7 13. Re1 Bd6 14. h3 O-O-O 15. Qf3 h6 16. Be3 Be5 17. Rad1 g5 18. c4 Rdg8 19. Rc1 g4 20. hxg4 Nxg4 21. Nb5 Bh2+ 22. Kf1 Nxe3+ 23. Qxe3 Qb8 24. Red1 b6 25. Nd4 Qf4 26. Qc3 Qg4 27. Qf3 Qxf3 28. Nxf3 Bc7 29. c5 Bb5+ 30. Bc4 bxc5 31. Bxb5 axb5 32. Rxc5 f6 33. Rdc1 Rh7 34. Nd4 Rgg7 35. Nxe6 Re7 36. Nxc7 Rxc7 37. Rxc7+ Rxc7 38. Rxc7+ Kxc7 39. Ke2 Kc6 40. Kf3 Kc5 41. Kf4 Kc4 42. Kf5 Kd3 43. b3 Kc3 44. a4 b4 45. a5 Kxb3 46. a6 Kc2 47. a7 b3 48. a8=Q b2 49. Qb8 1-0

[Event "Queens Festival Europe 2022"]
[Site "Tornelo"]
[Date "2022.06.19"]
[Round "7.2"]
[White "Mammadova, Aysel"]
[Black "Shuqja, Klean"]
[Result "1-0"]
[ECO "C55"]
[WhiteElo "1893"]
[BlackElo "1839"]
[Annotator "NA RC"]
[PlyCount "97"]
[EventDate "2022.06.19"]
[EventType "swiss"]
[EventCountry "NET"]
[SourceTitle "playchess.com"]
[Source "ChessBase"]
[SourceQuality "1"]
[TimeControl "180+2"]

1. e4 e5 2. Nf3 Nc6 3. Bc4 Be7 4. O-O Nf6 5. c3 O-O 6. d4 d6 7. d5 Nb8 8. Qe2 c6 9. Rd1 a5 10. Bg5 b5 11. Bb3 c5 12. c4 a4 13. Bc2 Ba6 14. cxb5 Bb7 15. Nc3 a3 16. b3 Nfd7 17. Bxe7 Qxe7 18. Nd2 Nb6 19. Nc4 N8d7 20. Qe3 Rfb8 21. Ne2 Ra7 22. Ng3 g6 23. Nf1 f5 24. exf5 Nxd5 25. Qg3 Nf4 26. Rd2 Bxg2 27. fxg6 hxg6 28. Bxg6 Qg7 29. Bf5 d5 30. Qxg7+ Kxg7 31. Bxd7 Rxd7 32. Nxe5 Rc7 33. Ne3 Be4 34. f3 Bg6 35. Nxg6 Kxg6 36. Nxd5 Nxd5 37. Rxd5 Rxb5 38. Kf2 Rb4 39. Rg1+ Kf6 40. Rgg5 c4 41. Rgf5+ Ke6 42. Rde5+ Kd6 43. bxc4 Rb2+ 44. Re2 Rxc4 45. Rxb2 axb2 46. Rb5 Rc2+ 47. Kg3 Kc6 48. Rb3 Kc5 49. h4 1-0

[Event "Queens Festival Europe 2022"]
[Site "Tornelo"]
[Date "2022.06.19"]
[Round "7.2"]
[White "Stadlinger, Lea"]
[Black "Lampard, Alice"]
[Result "1-0"]
[ECO "B35"]
[WhiteElo "1723"]
[BlackElo "1756"]
[Annotator "NA RC"]
[PlyCount "111"]
[EventDate "2022.06.19"]
[EventType "swiss"]
[EventCountry "NET"]
[SourceTitle "playchess.com"]
[Source "ChessBase"]
[SourceQuality "1"]
[TimeControl "180+2"]

1. e4 c5 2. Nf3 Nc6 3. d4 cxd4 4. Nxd4 g6 5. Nc3 Bg7 6. Be3 Nf6 7. Bc4 O-O 8. f3 Qb6 9. Bb3 Ng4 10. fxg4 Bxd4 11. Bxd4 Qxd4 12. Qxd4 Nxd4 13. O-O-O Nc6 14. Ba4 a6 15. Nd5 b5 16. Bb3 Rb8 17. c4 d6 18. cxb5 axb5 19. Kb1 Bxg4 20. Rc1 Nd4 21. Nxe7+ Kg7 22. Nc6 Nxc6 23. Rxc6 Rfd8 24. h3 Be6 25. Bxe6 fxe6 26. Rd1 d5 27. Rxe6 dxe4 28. Rxd8 Rxd8 29. Rxe4 Rd2 30. g3 Rd3 31. Rg4 Kf6 32. Kc2 Rf3 33. Rf4+ Rxf4 34. gxf4 Kf5 35. b3 Kxf4 36. a4 h5 37. a5 g5 38. a6 g4 39. hxg4 hxg4 40. a7 g3 41. a8=Q b4 42. Qg2 Kg4 43. Kd3 Kf4 44. Kc4 Ke3 45. Kxb4 Kd3 46. Qxg3+ Kd4 47. Qg4+ Kd5 48. Ka5 Kc6 49. b4 Kb7 50. b5 Ka8 51. Qc8+ Ka7 52. Qa6+ Kb8 53. Kb4 Kc7 54. b6+ Kb8 55. Qa7+ Kc8 56. Qc7# 1-0

[Event "Queens Festival Europe 2022"]
[Site "Tornelo"]
[Date "2022.06.19"]
[Round "7.2"]
[White "Aydogan, Arya"]
[Black "Hariharan, Shambavi"]
[Result "1/2-1/2"]
[ECO "B19"]
[WhiteElo "1409"]
[BlackElo "1517"]
[Annotator "NA RC"]
[PlyCount "135"]
[EventDate "2022.06.19"]
[EventType "swiss"]
[EventCountry "NET"]
[SourceTitle "playchess.com"]
[Source "ChessBase"]
[SourceQuality "1"]
[TimeControl "180+2"]

1. e4 c6 2. d4 d5 3. Nc3 dxe4 4. Nxe4 Bf5 5. Ng3 Bg6 6. h4 h6 7. Nf3 Nd7 8. h5 Bh7 9. Bd3 Bxd3 10. Qxd3 e6 11. Bd2 Bd6 12. O-O-O Ngf6 13. Ne4 Nxe4 14. Qxe4 Nf6 15. Qe2 Qc7 16. Kb1 O-O-O 17. Ne5 Bxe5 18. dxe5 Nd5 19. Rh4 Rhe8 20. Rg4 Rg8 21. Ka1 Qe7 22. Bc1 Qc7 23. a3 Qb6 24. c4 Ne7 25. Rxd8+ Qxd8 26. Qd2 Qxd2 27. Bxd2 Nf5 28. Kb1 Rd8 29. Kc1 Kc7 30. Rf4 Rd7 31. Rf3 Nd4 32. Rd3 Ne2+ 33. Kc2 Nd4+ 34. Kd1 c5 35. Bc3 Kc6 36. b4 Nf5 37. b5+ Kc7 38. Rxd7+ Kxd7 39. Ke2 b6 40. g4 Ne7 41. f4 Ng8 42. Kf3 Ke7 43. Ke4 f6 44. a4 fxe5 45. fxe5 Kd7 46. Bd2 Ne7 47. Be3 Ke8 48. Bd2 Kd7 49. a5 Kc7 50. axb6+ axb6 51. Be3 Kd7 52. Bf2 Ke8 53. Bh4 Nc8 54. g5 hxg5 55. Bxg5 Kf7 56. Bd8 Ke8 57. Bh4 Kf7 58. Kf4 Na7 59. Bd8 Nc8 60. Bh4 Na7 61. Bf2 Nc8 62. Bg1 Ke7 63. Bf2 Kf7 64. Kg5 Ne7 65. Bg1 Nf5 66. Kf4 Ne7 67. Bf2 Nf5 68. Bg1 1/2-1/2

[Event "Queens Festival Europe 2022"]
[Site "Tornelo"]
[Date "2022.06.19"]
[Round "7.3"]
[White "Machlik, Monika"]
[Black "Ismayil, Malak"]
[Result "0-1"]
[ECO "E33"]
[WhiteElo "2134"]
[BlackElo "2001"]
[Annotator "NA RC"]
[PlyCount "122"]
[EventDate "2022.06.19"]
[EventType "swiss"]
[EventCountry "NET"]
[SourceTitle "playchess.com"]
[Source "ChessBase"]
[SourceQuality "1"]
[TimeControl "180+2"]

1. d4 Nf6 2. c4 e6 3. Nc3 Bb4 4. Qc2 O-O 5. a3 Bxc3+ 6. Qxc3 d6 7. Nf3 Nbd7 8. g3 Qe7 9. Bg2 e5 10. dxe5 Nxe5 11. O-O h6 12. Nd4 Ng6 13. b4 c5 14. Nc2 Qxe2 15. Re1 Qh5 16. Bb2 Bh3 17. Ne3 Bxg2 18. Kxg2 Ne5 19. bxc5 Ne4 20. Qc2 Qf3+ 21. Kg1 Nxc5 22. Nd5 Qb3 23. Qxb3 Nxb3 24. Bxe5 dxe5 25. Rab1 Nd2 26. Rxb7 Nf3+ 27. Kf1 Nxe1 28. Kxe1 Kh7 29. Re7 f6 30. Rd7 Rac8 31. Rxa7 Rxc4 32. Ke2 Rd4 33. Ne3 Kg6 34. h4 h5 35. a4 Rf7 36. Ra8 Rb7 37. a5 Rb2+ 38. Kf3 Rdd2 39. Nc4 Rxf2+ 40. Ke4 Rb4 41. Kd5 Rf3 42. Nd6 Rd4+ 43. Ke6 Rc3 44. Ne8 Rc6+ 45. Ke7 e4 46. a6 e3 47. a7 Re4+ 48. Kd7 Ra6 49. Nc7 Ra2 50. Ne6 Rxe6 51. Kxe6 e2 52. Kd6 e1=Q 53. Kc7 Qe5+ 54. Kc6 Qe4+ 55. Kc7 Qxa8 56. Kd6 Qxa7 57. Kc6 Rc2+ 58. Kd5 Qd7+ 59. Ke4 Re2+ 60. Kf3 Qd3+ 61. Kf4 Re4# 0-1

[Event "Queens Festival Europe 2022"]
[Site "Tornelo"]
[Date "2022.06.19"]
[Round "7.3"]
[White "Mdivani, Maka"]
[Black "Gjergji, Rozana"]
[Result "1-0"]
[ECO "D15"]
[WhiteElo "1901"]
[BlackElo "1920"]
[Annotator "NA RC"]
[PlyCount "89"]
[EventDate "2022.06.19"]
[EventType "swiss"]
[EventCountry "NET"]
[SourceTitle "playchess.com"]
[Source "ChessBase"]
[SourceQuality "1"]
[TimeControl "180+2"]

1. d4 d5 2. c4 c6 3. Nf3 Nf6 4. Nc3 Bf5 5. Bf4 Nbd7 6. h3 h6 7. e3 Nb6 8. b3 e6 9. Bd3 Bb4 10. Rc1 Ne4 11. Bxe4 Bxe4 12. O-O Bxf3 13. Qxf3 dxc4 14. bxc4 Nxc4 15. Ne4 Nd6 16. Nc5 Bxc5 17. dxc5 Nf5 18. Rfd1 Qf6 19. Bd6 Nxd6 20. Qxf6 gxf6 21. Rxd6 Ke7 22. Rb1 Rab8 23. Rd4 Rhd8 24. Rdb4 Rd7 25. a4 a5 26. Rb6 Kd8 27. Rxc6 Rc8 28. Rxc8+ Kxc8 29. Rb5 Kc7 30. Rxa5 Kc6 31. Kf1 Rd1+ 32. Ke2 Rc1 33. Ra8 Rxc5 34. Rc8+ Kb6 35. Rf8 Rc7 36. Ra8 Rc4 37. Kd3 Rc7 38. Rh8 Ka5 39. Rxh6 f5 40. Rh4 Rc1 41. g4 Rd1+ 42. Ke2 Ra1 43. gxf5 exf5 44. Rf4 Rxa4 45. Rxf5+ 1-0

[Event "Queens Festival Europe 2022"]
[Site "Tornelo"]
[Date "2022.06.19"]
[Round "7.3"]
[White "Khalilova, Khadija"]
[Black "Rybackova, Lucie"]
[Result "0-1"]
[ECO "B41"]
[WhiteElo "1777"]
[BlackElo "1696"]
[Annotator "NA RC"]
[PlyCount "80"]
[EventDate "2022.06.19"]
[EventType "swiss"]
[EventCountry "NET"]
[SourceTitle "playchess.com"]
[Source "ChessBase"]
[SourceQuality "1"]
[TimeControl "180+2"]

1. e4 c5 2. Nf3 e6 3. d4 cxd4 4. Nxd4 a6 5. c4 Qc7 6. Nc3 Nf6 7. Bd3 Nc6 8. Nf3 Be7 9. O-O O-O 10. h3 d6 11. Qe2 Rb8 12. a3 Bd7 13. Be3 Rfd8 14. Rac1 Ne5 15. Nxe5 dxe5 16. b4 a5 17. Rb1 axb4 18. axb4 Ra8 19. c5 Ra3 20. Rfc1 Rda8 21. Bb5 h6 22. Bd2 Qc8 23. Rd1 Bxb5 24. Nxb5 Ra2 25. Qf3 Qc6 26. Nc3 b6 27. Nxa2 Rxa2 28. cxb6 Qxb6 29. Be3 Qb5 30. Rdc1 Ra3 31. Qd1 Nxe4 32. Rc8+ Kh7 33. Qc2 f5 34. Bc5 Bxc5 35. bxc5 Qa5 36. Rc6 Ra2 37. Qd3 Rxf2 38. Rxe6 Qa2 39. Rxe5 Rxg2+ 40. Kf1 Qf2# 0-1

[Event "Queens Festival Europe 2022"]
[Site "Tornelo"]
[Date "2022.06.19"]
[Round "7.4"]
[White "Richtrova, Eliska"]
[Black "Kordzadze, Nino"]
[Result "0-1"]
[ECO "C06"]
[WhiteElo "2204"]
[BlackElo "2043"]
[Annotator "NA RC"]
[PlyCount "86"]
[EventDate "2022.06.19"]
[EventType "swiss"]
[EventCountry "NET"]
[SourceTitle "playchess.com"]
[Source "ChessBase"]
[SourceQuality "1"]
[TimeControl "180+2"]

1. e4 e6 2. d4 d5 3. Nd2 Nf6 4. e5 Nfd7 5. Bd3 c5 6. c3 Nc6 7. Ne2 a5 8. Nf3 cxd4 9. cxd4 a4 10. O-O Nb6 11. Bb5 Bd7 12. Bxc6 Bxc6 13. Nc3 Nc4 14. Qe2 b5 15. a3 Qd7 16. Nd2 Be7 17. f4 O-O 18. Qg4 Ne3 19. Qg3 Nxf1 20. Nxf1 g6 21. Na2 b4 22. axb4 Bb5 23. Bd2 Qa7 24. Qf2 Qb6 25. Ng3 Rfc8 26. Bc3 a3 27. b3 Bd3 28. Ne2 Qb5 29. Nec1 Be4 30. h3 Rc7 31. Qd2 Rac8 32. Ne2 Qd3 33. Qe1 Qc2 34. b5 Qxb3 35. Ba5 Rc2 36. Nac3 a2 37. Nxe4 dxe4 38. b6 Qb2 39. b7 Qxb7 40. Nc1 Qb2 41. Nxa2 Rxg2+ 42. Kf1 Rh2 43. Bd2 Rh1+ 0-1

[Event "Queens Festival Europe 2022"]
[Site "Tornelo"]
[Date "2022.06.19"]
[Round "7.4"]
[White "Sava, Ana-Maria"]
[Black "Deak-Sala, Emilia"]
[Result "1-0"]
[ECO "B34"]
[WhiteElo "1916"]
[BlackElo "1883"]
[Annotator "NA RC"]
[PlyCount "117"]
[EventDate "2022.06.19"]
[EventType "swiss"]
[EventCountry "NET"]
[SourceTitle "playchess.com"]
[Source "ChessBase"]
[SourceQuality "1"]
[TimeControl "180+2"]

1. e4 c5 2. Nf3 Nc6 3. d4 cxd4 4. Nxd4 g6 5. Nc3 Bg7 6. Nb3 Nf6 7. Bd3 O-O 8. O-O d6 9. h3 a5 10. a4 Nb4 11. Kh1 Bd7 12. f4 Bc6 13. Qe2 Nh5 14. Qf2 Nf6 15. f5 Nd7 16. Be3 Ne5 17. Bb5 Bxb5 18. Nxb5 Nc4 19. Bd4 Bxd4 20. Qxd4 Ne5 21. Rac1 Rc8 22. Nc3 Nc4 23. Nd5 e6 24. Nf6+ Kg7 25. Ng4+ e5 26. Qf2 f6 27. Qh4 Qe7 28. Qh6+ Kh8 29. fxg6 Qg7 30. Qxg7+ Kxg7 31. gxh7 Rc7 32. h8=Q+ Kxh8 33. Rxf6 Rxf6 34. Nxf6 Rf7 35. Ng4 Nc6 36. Kg1 Nxb2 37. Rf1 Rxf1+ 38. Kxf1 Nxa4 39. Nf6 Nb4 40. c4 Nb2 41. Nxa5 b6 42. Nb7 Nxc4 43. Ne8 d5 44. exd5 Nxd5 45. Ned6 Kg8 46. Nxc4 b5 47. Nca5 b4 48. Nb3 Nc3 49. Kf2 Kh7 50. N7c5 Kg6 51. Ke3 Kg5 52. g3 Kf5 53. Nd3 Nd1+ 54. Ke2 Nc3+ 55. Ke3 Nd1+ 56. Kd2 Nf2 57. Nxf2 Kg5 58. Ke3 Kf5 59. Nd3 1-0

[Event "Queens Festival Europe 2022"]
[Site "Tornelo"]
[Date "2022.06.19"]
[Round "7.4"]
[White "Posadas, Rayelynn"]
[Black "Omeri, Eklea"]
[Result "1/2-1/2"]
[ECO "D78"]
[WhiteElo "1648"]
[BlackElo "1525"]
[Annotator "NA RC"]
[PlyCount "111"]
[EventDate "2022.06.19"]
[EventType "swiss"]
[EventCountry "NET"]
[SourceTitle "playchess.com"]
[Source "ChessBase"]
[SourceQuality "1"]
[TimeControl "180+2"]

1. Nf3 Nf6 2. g3 g6 3. Bg2 Bg7 4. O-O d5 5. d4 c6 6. c4 O-O 7. Nc3 Bg4 8. Ne5 dxc4 9. Nxc4 Qc7 10. Ne5 Nbd7 11. Bf4 Nxe5 12. Bxe5 Qb6 13. Qc2 Be6 14. Na4 Qd8 15. Rfd1 Nd5 16. Bxg7 Kxg7 17. Nc5 Bc8 18. e4 Nf6 19. Qc3 b6 20. Nd3 Bb7 21. Rac1 Rc8 22. Nf4 Kg8 23. Qa3 Ra8 24. d5 cxd5 25. Nxd5 Nxd5 26. exd5 Qd7 27. d6 Bxg2 28. Kxg2 Qb7+ 29. Kg1 exd6 30. Rxd6 Rfd8 31. Rcd1 Rxd6 32. Rxd6 Re8 33. Qc3 Rc8 34. Qd2 Qf3 35. Rd8+ Rxd8 36. Qxd8+ Kg7 37. Qd4+ Qf6 38. Qd2 Qc6 39. h4 f5 40. Kf1 Qc4+ 41. Kg2 Qxa2 42. Qc3+ Kf7 43. b3 Qe2 44. Qc7+ Qe7 45. Qc4+ Qe6 46. Qc7+ Qe7 47. Qc4+ Kg7 48. Qd4+ Qf6 49. Qd7+ Qf7 50. Qd4+ Kg8 51. Qd8+ Qf8 52. Qd5+ Kg7 53. Qd4+ Qf6 54. Qd7+ Kh6 55. Qd2+ Kg7 56. Qd7+ 1/2-1/2

[Event "Queens Festival Europe 2022"]
[Site "Tornelo"]
[Date "2022.06.19"]
[Round "7.4"]
[White "Caku, Kler"]
[Black "Helgadottir, Idunn"]
[Result "0-1"]
[ECO "B46"]
[WhiteElo "1542"]
[BlackElo "1570"]
[Annotator "NA RC"]
[PlyCount "114"]
[EventDate "2022.06.19"]
[EventType "swiss"]
[EventCountry "NET"]
[SourceTitle "playchess.com"]
[Source "ChessBase"]
[SourceQuality "1"]
[TimeControl "180+2"]

1. e4 c5 2. Nf3 e6 3. d4 cxd4 4. Nxd4 Nc6 5. Nc3 a6 6. Nb3 Nf6 7. Be2 Be7 8. Be3 O-O 9. O-O b5 10. a3 Bb7 11. Qd2 Qc7 12. Rad1 Ne5 13. f3 Nc4 14. Bxc4 Qxc4 15. Qd3 Qxd3 16. Rxd3 Rac8 17. Rfd1 d6 18. Bf4 d5 19. exd5 exd5 20. Be5 Rfd8 21. Nd4 Nd7 22. Bf4 Nc5 23. R3d2 Bf6 24. Nde2 Bxc3 25. Nxc3 Ne6 26. Be3 h6 27. a4 b4 28. Nxd5 Bxd5 29. Rxd5 Rxd5 30. Rxd5 Rxc2 31. Rd6 Rxb2 32. Rxa6 b3 33. Rb6 Rb1+ 34. Kf2 b2 35. a5 Nc7 36. Rb7 Nd5 37. Bd4 Ra1 38. Bxb2 Rxa5 39. Bd4 Ra4 40. Bc5 Ra2+ 41. Kg3 Nf6 42. Bd4 Re2 43. Bxf6 gxf6 44. Rb6 Kg7 45. h4 Re6 46. Rb5 Rd6 47. Rb4 Rd5 48. Kh3 Rf5 49. Rg4+ Kh7 50. Rd4 Re5 51. g4 Kg6 52. Kg3 h5 53. gxh5+ Kxh5 54. Rg4 Re7 55. Kf4 Kh6 56. Kf5 Kh5 57. Kxf6 Re3 0-1

[Event "Queens Festival Europe 2022"]
[Site "Tornelo"]
[Date "2022.06.19"]
[Round "7.5"]
[White "Tsakona, Maria"]
[Black "Amrayeva, Aytan"]
[Result "1-0"]
[ECO "C06"]
[WhiteElo "2007"]
[BlackElo "2143"]
[Annotator "NA RC"]
[PlyCount "83"]
[EventDate "2022.06.19"]
[EventType "swiss"]
[EventCountry "NET"]
[SourceTitle "playchess.com"]
[Source "ChessBase"]
[SourceQuality "1"]
[TimeControl "180+2"]

1. e4 e6 2. d4 d5 3. Nd2 Nf6 4. e5 Nfd7 5. Bd3 c5 6. c3 Nc6 7. Ne2 Qb6 8. Nf3 cxd4 9. cxd4 f6 10. exf6 Nxf6 11. O-O Bd6 12. Bf4 Bxf4 13. Nxf4 O-O 14. Qd2 Ne4 15. Qe3 Qc7 16. g3 g5 17. Ng2 e5 18. Bxe4 dxe4 19. Nxg5 Nxd4 20. Qxe4 Bf5 21. Qd5+ Kh8 22. Rac1 Qe7 23. h4 Ne2+ 24. Kh1 Nxc1 25. Rxc1 Rac8 26. Rxc8 Rxc8 27. Ne3 Bd7 28. Nf7+ Kg7 29. Nxe5 Rc1+ 30. Kh2 Be6 31. Qe4 Rc8 32. Nf3 Qd7 33. h5 Kh8 34. h6 Bxa2 35. Qe5+ Kg8 36. Nf5 Re8 37. Qf4 Rf8 38. Qg5+ Kh8 39. Qg7+ Qxg7 40. hxg7+ Kg8 41. gxf8=Q+ Kxf8 42. Ne5 1-0

[Event "Queens Festival Europe 2022"]
[Site "Tornelo"]
[Date "2022.06.19"]
[Round "7.5"]
[White "Stastna, Martina"]
[Black "Roy, Ali"]
[Result "1-0"]
[ECO "C01"]
[WhiteElo "1912"]
[BlackElo "1893"]
[Annotator "NA RC"]
[PlyCount "65"]
[EventDate "2022.06.19"]
[EventType "swiss"]
[EventCountry "NET"]
[SourceTitle "playchess.com"]
[Source "ChessBase"]
[SourceQuality "1"]
[TimeControl "180+2"]

1. e4 e6 2. d4 d5 3. exd5 exd5 4. Bd3 Nf6 5. Bf4 Be7 6. Nf3 O-O 7. Kf1 c6 8. Nbd2 Nbd7 9. g3 Nh5 10. Be3 f5 11. Ne1 Ndf6 12. Ng2 Qe8 13. Nf4 Nxf4 14. Bxf4 Ne4 15. Kg2 g5 16. Bxe4 fxe4 17. Be3 Qf7 18. Qe2 Bf5 19. c4 Qe6 20. Rhe1 Bh3+ 21. Kg1 Rf7 22. cxd5 cxd5 23. Nf1 Raf8 24. Rac1 Bg4 25. Qb5 Bf3 26. Nd2 Qh3 27. Qf1 Qxf1+ 28. Kxf1 g4 29. Kg1 Bd6 30. Rc2 h5 31. Nxf3 gxf3 32. Bg5 h4 33. Bxh4 1-0

[Event "Queens Festival Europe 2022"]
[Site "Tornelo"]
[Date "2022.06.19"]
[Round "7.6"]
[White "Head, Louise"]
[Black "Kanyamarala, Trisha"]
[Result "1-0"]
[ECO "E35"]
[WhiteElo "2025"]
[BlackElo "2127"]
[Annotator "NA RC"]
[PlyCount "55"]
[EventDate "2022.06.19"]
[EventType "swiss"]
[EventCountry "NET"]
[SourceTitle "playchess.com"]
[Source "ChessBase"]
[SourceQuality "1"]
[TimeControl "180+2"]

1. d4 Nf6 2. c4 e6 3. Nf3 d5 4. Nc3 Bb4 5. cxd5 exd5 6. Qc2 O-O 7. Bg5 h6 8. Bxf6 Qxf6 9. e3 c5 10. dxc5 Re8 11. Bb5 Bd7 12. Bxd7 Nxd7 13. Rd1 Nxc5 14. O-O Bxc3 15. bxc3 Red8 16. Rd4 Rac8 17. Rfd1 Ne6 18. R4d3 Rc5 19. Qb3 b6 20. h3 Rdc8 21. Rxd5 Rxc3 22. Qa4 a5 23. Rd6 Rc1 24. Rxb6 Rxd1+ 25. Qxd1 Qe7 26. Rb2 Qa3 27. Rc2 Rb8 28. Ne5 1-0

[Event "Queens Festival Europe 2022"]
[Site "Tornelo"]
[Date "2022.06.19"]
[Round "7.6"]
[White "Grigoryan, Meri"]
[Black "Can, Isil"]
[Result "1-0"]
[ECO "D13"]
[WhiteElo "1993"]
[BlackElo "1901"]
[Annotator "NA RC"]
[PlyCount "71"]
[EventDate "2022.06.19"]
[EventType "swiss"]
[EventCountry "NET"]
[SourceTitle "playchess.com"]
[Source "ChessBase"]
[SourceQuality "1"]
[TimeControl "180+2"]

1. d4 d5 2. c4 c6 3. cxd5 cxd5 4. Nc3 Nf6 5. Nf3 a6 6. Bf4 Nc6 7. e3 Qb6 8. Qb3 Qxb3 9. axb3 Na7 10. Na4 Nd7 11. Ne5 g5 12. Bg3 h5 13. Nxd7 Bxd7 14. Nb6 Rd8 15. Bc7 e6 16. Bxd8 Kxd8 17. Nxd7 Kxd7 18. Bd3 Bb4+ 19. Ke2 f5 20. Rhc1 Nc6 21. Rc2 f4 22. Rac1 Rc8 23. g3 a5 24. Bb5 Kd6 25. gxf4 gxf4 26. Bxc6 bxc6 27. exf4 Kd7 28. Rg1 Be7 29. Rg7 Rf8 30. Ke3 Rb8 31. Rc3 Kd6 32. Rh7 h4 33. Rh6 Rf8 34. Rc5 Kd7 35. Rxa5 Bd6 36. Ra7+ 1-0

[Event "Queens Festival Europe 2022"]
[Site "Tornelo"]
[Date "2022.06.19"]
[Round "7.6"]
[White "van den Brink, Nienke"]
[Black "Frundina, Yelyzaveta"]
[Result "1-0"]
[ECO "B90"]
[WhiteElo "1771"]
[BlackElo "1624"]
[Annotator "NA RC"]
[PlyCount "47"]
[EventDate "2022.06.19"]
[EventType "swiss"]
[EventCountry "NET"]
[SourceTitle "playchess.com"]
[Source "ChessBase"]
[SourceQuality "1"]
[TimeControl "180+2"]

1. e4 c5 2. Nf3 d6 3. d4 cxd4 4. Nxd4 Nf6 5. Nc3 a6 6. f3 e5 7. Nb3 Be6 8. Be3 b5 9. Qd2 Nbd7 10. O-O-O Be7 11. g4 h6 12. h4 Nb6 13. Qf2 Nc4 14. Bxc4 Bxc4 15. g5 hxg5 16. hxg5 Rxh1 17. Rxh1 Ng8 18. Rh8 Kd7 19. Qd2 Qc7 20. Nd5 Qc6 21. Nxe7 Kxe7 22. Rh1 Rc8 23. Rd1 Bxb3 24. axb3 1-0

[Event "Queens Festival Europe 2022"]
[Site "Tornelo"]
[Date "2022.06.19"]
[Round "7.6"]
[White "Bakhshizada, Asnad"]
[Black "Strnadova, Monika"]
[Result "1-0"]
[ECO "E91"]
[WhiteElo "1052"]
[BlackElo "1518"]
[Annotator "NA RC"]
[PlyCount "133"]
[EventDate "2022.06.19"]
[EventType "swiss"]
[EventCountry "NET"]
[SourceTitle "playchess.com"]
[Source "ChessBase"]
[SourceQuality "1"]
[TimeControl "180+2"]

1. d4 Nf6 2. c4 g6 3. Nc3 Bg7 4. e4 d6 5. Nf3 Nc6 6. Be2 O-O 7. O-O Bg4 8. h3 Bxf3 9. Bxf3 Nd7 10. Be3 Re8 11. Rc1 a6 12. a4 Nb6 13. b3 e6 14. Qd2 Qf6 15. Rfd1 Rad8 16. Bg5 Qxd4 17. Bxd8 Qxd2 18. Rxd2 Bh6 19. Bxc7 Bxd2 20. Rc2 Bxc3 21. Rxc3 Nc8 22. Rd3 Ne5 23. Rd1 Nxf3+ 24. gxf3 Re7 25. Bxd6 Rd7 26. e5 f6 27. f4 g5 28. Rd2 gxf4 29. Bb4 Rxd2 30. Bxd2 fxe5 31. Bc3 Ne7 32. Bxe5 Ng6 33. Bb8 Kf7 34. b4 Ke7 35. c5 Kd7 36. Kg2 Kc6 37. Kf3 a5 38. bxa5 Kxc5 39. Bxf4 Nxf4 40. Kxf4 Kb4 41. Ke5 Kxa5 42. f4 Kxa4 43. Kxe6 b5 44. f5 b4 45. f6 b3 46. f7 b2 47. f8=Q b1=Q 48. Qa8+ Kb3 49. Qb7+ Kc2 50. Qxb1+ Kxb1 51. Kf6 Kc2 52. h4 Kd3 53. h5 Ke4 54. h6 Kf4 55. Kg7 Kf5 56. Kxh7 Kf6 57. Kg8 Kg6 58. h7 Kg5 59. h8=Q Kf5 60. Kf7 Kg5 61. Qf6+ Kg4 62. Ke6 Kh5 63. Qf5+ Kh6 64. Qf4+ Kh5 65. Qg3 Kh6 66. Kf6 Kh7 67. Qg7# 1-0